 Dungeon Crawl Stone Soup version bcrawl-1.37.1 (webtiles) character file.

Game seed: 14887458663623245283

74500 Hadkhar the Sneak (level 2, -7/28 HPs)
             Began as a Naga Monk on Oct 11, 2022.
             Mangled by Crazy Yiuf
             ... wielding a +2 quarterstaff of chaos
              (10 damage)
             ... on level 2 of the Dungeon.
             The game lasted 00:09:31 (1014 turns).

Hadkhar the Sneak (Naga Monk)                       Turns: 1014, Time: 00:09:31

Health: -7/28      AC:  1    Str: 13    XL:     2   Next: 41%
Magic:  0/3        EV: 10    Int: 10    God:
Gold:   82         SH:  1    Dex: 13    Spells: 1/1 levels left

rFire    . . .     GDR:     25% a - +0 falchion
rCold    . . .     SeeInvis +   (no shield)
rNeg     . . .     Gourm    .   b - +0 robe
rPois    +         Faith    .   (no helmet)
rElec    .         Spirit   +   (no cloak)
rCorr    .         Reflect  .   (no gloves)
MR       .....                  (no barding)
Stlth    ++........             d - amulet of guardian spirit
HPRegen  0.14/turn              (no ring)
MPRegen  0.08/turn              (no ring)

@: lightly drained, very slow
A: large, tail, swims, see invisible, deformed body, poison resistance, slowness
2, slow metabolism 1, spit poison 1, AC +0
a: Spit Poison


You were on level 2 of the Dungeon.
You were not hungry.

You visited 1 branch of the dungeon, and saw 2 of its levels.

You collected 82 gold pieces.

Inventory:

Hand Weapons
 a - a +0 falchion (weapon)
Missiles
 h - 276 arrows
 k - 49 poisoned needles (quivered)
Armour
 b - a +0 robe (worn)
 c - a +0 hat
Jewellery
 d - an amulet of guardian spirit (around neck)
Scrolls
 f - 2 scrolls of remove curse
 g - a scroll of teleportation {unknown}
 i - a scroll of identify
 l - a scroll of enchant armour {unknown}
Potions
 j - a potion of ambrosia {unknown}
Comestibles
 e - 5 rations {!d}
 m - a chunk of flesh


   Skills:
 + Level 3.3(3.0) Fighting
 + Level 3.3(3.1) Long Blades
 - Level 2.4(2.1) Dodging
 + Level 3.5(3.2) Stealth
   Level 2.1(1.9) Invocations


You had one spell level left.
You didn't know any spells.
Your spell library was empty.

Dungeon Overview and Level Annotations

Branches:
Dungeon (2/12)

Altars:
The Shining One

Annotations:
D:2 Crazy Yiuf


Innate Abilities, Weirdness & Mutations

You cannot wear boots.
You can swim through water.
Your serpentine skin is tough. (AC +0)
You have supernaturally acute eyesight. (SInv)
Armour fits poorly on your strangely shaped body.
Your system is resistant to poisons. (rPois)
You cover ground very slowly.
You have a slow metabolism.
You can spit poison.


Message History

You barely miss Crazy Yiuf.
Crazy Yiuf is severely wounded.
Crazy Yiuf hits you with a +2 quarterstaff of chaos.
You feel drained.
You hit Crazy Yiuf but do no damage.
Crazy Yiuf is severely wounded.
Crazy Yiuf hits you with a +2 quarterstaff of chaos.
You hit Crazy Yiuf but do no damage.
Crazy Yiuf is severely wounded.
Crazy Yiuf hits you with a +2 quarterstaff of chaos.
You suddenly lose the ability to move!
Crazy Yiuf hits you with a +2 quarterstaff of chaos.
* * * LOW HITPOINT WARNING * * *
Crazy Yiuf hits you with a +2 quarterstaff of chaos.
* * * LOW HITPOINT WARNING * * *
You can move again.
You hit Crazy Yiuf but do no damage.
Crazy Yiuf is severely wounded.
Crazy Yiuf hits you with a +2 quarterstaff of chaos!
You die...

####♣♣ ### ##....♣♣ ♣♣#..)#
#######......♣♣♣♣.'...#
#.............♣g.♣#...#
..#####.#..♣.♣@♣♣♣ ###
#.###♣♣♣♣♣ ### #.## #.#
#>.############# #.#
..####...........##.# #.##
._......).#.#####....####..#
...###....#.####.......###.#
#.................# #.#
#....##.###.....÷.###.##


You could see Crazy Yiuf.

Vanquished Creatures
  2 goblins
  A hobgoblin (D:2)
  2 jackals (D:1)
  2 kobolds
  A quokka (D:2)
  3 bats (D:2)
11 creatures vanquished.

Notes
Turn   | Place    | Note
-------+----------+-------------------------------------------
     0 | D:1      | Hadkhar the Naga Monk began the quest for the Orb.
     0 | D:1      | Reached XP level 1. HP: 21/21 MP: 2/2
   832 | D:2      | Reached XP level 2. HP: 27/28 MP: 1/3
   982 | D:2      | Found a glowing golden altar of the Shining One.
   996 | D:2      | Found a runed door.
  1000 | D:2      | Noticed Crazy Yiuf
  1011 | D:2      | Paralysed by Crazy Yiuf for 3 turns
  1014 | D:2      | Mangled by Crazy Yiuf

Action                   || total
-------------------------++-------
Melee: Falchion          ||    39
 Stab: Sleeping          ||     1
  Eat: Chunk             ||     1
Armor: Robe              ||     3
Dodge: Dodged            ||    24
